 Dungeon Crawl Stone Soup version 0.19-a0-1670-gc28a5d9 (webtiles) character file.

198 st0uf the Magician (level 5, -4/40 HPs)
             Began as a Draconian Transmuter on Sept 21, 2016.
             Slain by an orc priest
             ... wielding a +0 trident
              (6 damage)
             ... on level 3 of the Dungeon.
             The game lasted 00:11:22 (2626 turns).

st0uf the Magician (Draconian Transmuter)           Turns: 2626, Time: 00:11:23

Health: -4/40      AC:  2    Str: 13    XL:     5   Next: 47%
Magic:  7/11       EV: 19    Int: 14    God:
Gold:   123        SH:  0    Dex: 16    Spells: 3 memorised, 6 levels left

rFire  . . .     SeeInvis .       - Unarmed
rCold  . . .     Gourm    .     (armour unavailable)
rNeg   . . .     Faith    .     (shield currently unavailable)
rPois  x         Spirit   .     (helmet currently unavailable)
rElec  .         Dismiss  .     (cloak currently unavailable)
rCorr  .         Reflect  .     (gloves currently unavailable)
MR     .....     Harm     .     (boots currently unavailable)
Stlth  +.........               (no amulet)
                                (no ring)
                                (no ring)

@: spider-form (expiring)
A: unfitting armour, (cold-blooded), AC +5
a: End Transformation


You were on level 3 of the Dungeon.
You were not hungry.
You were a venomous arachnid creature.
You visited 1 branch of the dungeon, and saw 3 of its levels.

You collected 123 gold pieces.

Inventory:

Missiles
 a - 23 arrows
Jewellery
 g - an uncursed ring of fire
Scrolls
 e - a scroll of fear {unknown}
 f - 4 scrolls of identify {unknown}
 l - a scroll of immolation {unknown}
 n - a scroll of blinking {unknown}
 o - a scroll of magic mapping {unknown}
 q - a scroll of remove curse {unknown}
 t - a scroll of recharging {unknown}
 u - a scroll of random uselessness {unknown}
 x - a scroll of enchant armour {unknown}
Potions
 h - 2 potions of haste {unknown}
 i - a potion of degeneration {unknown}
 j - a potion of agility {unknown}
 k - a potion of curing {unknown}
 p - a potion of resistance {unknown}
 r - 2 potions of mutation {unknown}
 s - 2 potions of brilliance {unknown}
 v - a potion of cancellation {unknown}
 z - a potion of flight {unknown}
Books
 b - a book of Changes

   Spells                             Type                      Level
   a - Beastly Appendage              Transmutation                1
   b - Sticks to Snakes               Transmutation                2
   c - Spider Form                    Transmutation/Poison         3
   d - Ice Form                       Ice/Transmutation            4
   e - Blade Hands                    Transmutation                5
Comestibles
 c - 3 bread rations
 d - 5 meat rations
 m - 2 beef jerkies
 w - 2 fruits
 A - 4 chunks of flesh


   Skills:
 + Level 1.1 Fighting
 + Level 1.7 Dodging
 + Level 3.0 Unarmed Combat
 * Level 4.1 Spellcasting
 * Level 4.1 Transmutations


You had 6 spell levels left.
You knew the following spells:

 Your Spells              Type           Power        Failure   Level  Hunger
a - Beastly Appendage     Tmut           ##....       12%         1    None
b - Sticks to Snakes      Tmut           ##......     17%         2    ##.....
c - Spider Form           Tmut/Pois      #.........   45%         3    ###....


Dungeon Overview and Level Annotations

Branches:
Dungeon (3/15)

Altars:
Uskayaw


Innate Abilities, Weirdness & Mutations

((Your plain brown scales are hard. (AC +5)))
Your body does not fit into most forms of armour.
((You are cold-blooded and may be slowed by cold attacks.))


Message History

Confirm with . or Enter, or press ? or * to list all spells.
You turn into a venomous arachnid creature.
The orc priest shouts!
The orc priest miscasts a cantrip.
The orc priest calls down the wrath of Beogh upon you.
Pain shoots through your body!
The orc priest invokes the aid of Beogh against you.
Beogh smites you!
The orc priest invokes the aid of Beogh against you.
Beogh smites you!
* * * LOW HITPOINT WARNING * * *
The orc priest looks encouraged for a moment.
You hit the orc priest but do no damage.
The orc priest is poisoned.
The orc priest hits you with a trident.
* * * LOW HITPOINT WARNING * * *
You hit the orc priest.
The orc priest looks as sick as possible!
The orc priest is lightly wounded.
The orc priest hits you with a trident.
You die...

.....#### #.# #...#.)# .....#
#.####...#..# .....#
#........#### ######
#............ #
###############.##.###.####
###........#>...............
.#...####................####
...###..###..............#
..##......##....so.......#
......##.................#
.....####................#
.....####................+
#.....##.................#
#.##......##............<#
#..###..###..............#
##...####................#
##..........#############


You could see an orc priest.

Vanquished Creatures
  2 orc wizards (D:3)
  5 adders
  2 worms
  2 dart slugs
  3 leopard geckos
  7 orcs (D:3)
  7 bats
  4 giant cockroaches
  4 goblins
  9 hobgoblins
  4 jackals (D:1)
  2 quokkas (D:2)
  A ball python (D:2)
  A frilled lizard (D:2)
  10 kobolds
  5 rats
68 creatures vanquished.

Vanquished Creatures (collateral kills)
  2 adders
  A leopard gecko (D:2)
  A goblin (D:3)
4 creatures vanquished.

Grand Total: 72 creatures vanquished

Notes
Turn   | Place    | Note
-------+----------+-------------------------------------------
     0 | D:1      | st0uf the Draconian Transmuter began the quest for the Orb.
     0 | D:1      | Reached XP level 1. HP: 16/16 MP: 3/3
   160 | D:1      | Reached XP level 2. HP: 12/23 MP: 2/5
   170 | D:1      | Learned a level 2 spell: Sticks to Snakes
   535 | D:1      | HP: 1/23 [hobgoblin/club (4)]
   889 | D:1      | Reached XP level 3. HP: 25/28 MP: 5/7
  1368 | D:2      | Reached XP level 4. HP: 32/35 MP: 9/9
  1534 | D:2      | Learned a level 3 spell: Spider Form
  2235 | D:3      | Found a hide-covered altar of Uskayaw.
  2236 | D:3      | Noticed a hand axe
  2236 | D:3      | Noticed a dagger
  2259 | D:3      | Reached XP level 5. HP: 24/40 MP: 4/10
  2625 | D:3      | HP: 2/40 [orc priest/trident (5)]
  2626 | D:3      | Slain by an orc priest

Vault maps used:
D:1:      minmay_arrival_loop
D:3:      corexii_shack_village, lemuel_coloured_pillars_altar,
          dancing_weapons_uskayaw, minmay_misc_feat_iff,
          kennysheep_generic_room_15

Skill      XL: |  1  2  3  4  5 |
---------------+----------------+-----
Spellcasting   | 3 4 |  4.1
Transmutations | 3 4 |  4.1
Fighting       | |  1.1
Dodging        | |  1.7
Unarmed Combat | |  3.0

Action                   |  1- 3 |  4- 6 || total
-------------------------+-------+-------++-------
Melee: Unarmed           |   134 |   117 ||   251
       Headbutt          |     8 |     3 ||    11
       Tailslap          |     8 |     4 ||    12
       Punch             |     4 |     1 ||     5
       Kick              |     9 |       ||     9
 Cast: Beastly Appendage |    16 |     3 ||    19
       Sticks to Snakes  |     4 |     6 ||    10
       Spider Form       |       |    10 ||    10
  Eat: Chunk             |     2 |     6 ||     8
Armor: Skin              |    35 |    28 ||    63
Dodge: Dodged            |    77 |    79 ||   156
